Cogmind - Beta 14 @@@ ROGUE MODE // 2024.09.04 @ 18:07:37 Player: human Result: Destroyed by as-26708 with Assembled Blade Performance ------------- Evolutions (0) 0 Regions Visited (4) 800 Robots Destroyed (4) 20 Value Destroyed (107) 107 Prototype IDs (23) 460 Alien Tech Used (0) 0 Bonus (360) 360 TOTAL SCORE: 1747 Bonus ------- Follower Combat Kills 60 Aligned with FarCom 300 Cogmind --------- Core Integrity 0/250 Matter 300/300 Energy 124/125 System Corruption 0% Temperature Cool (0) Movement Rolling (110) Ox2 Location -9/Mines Parts ------- > --- POWER (1) -------- Light Ion Engine > --- PROPULSION (2) --- Wheel > --- UTILITY (2) ------ Large Storage Unit Seismic Detector > --- WEAPON (2) ------- Particle Gun Particle Gun > --- INVENTORY (15) --- Light Nuclear Core Wheel Wheel Wheel Small Storage Unit High-capacity Storage Unit Small Battery (100) Seismic Detector Utility Shielding Light Armor Plating Trap Reconfigurator Beam Cannon Datajack Mining Laser Mining Claw Peak State ------------ > --- POWER ------------ Light Ion Engine > --- PROPULSION ------- Wheel Wheel > --- UTILITY ---------- Large Storage Unit Seismic Detector > --- WEAPON ----------- Particle Gun Particle Gun > --- INVENTORY -------- Light Ion Engine Light Nuclear Core Wheel Wheel Wheel Small Storage Unit High-capacity Storage Unit Utility Shielding Light Armor Plating Trap Reconfigurator Beam Cannon Datajack Mining Laser Mining Claw [Rating: 11] Favorites ----------- Power Light Ion Engine Engine Light Ion Engine Propulsion Wheel Wheel Wheel Utility Large Storage Unit Device Seismic Detector Storage Large Storage Unit Processor Signal Interpreter Protection Light Armor Plating Weapon Particle Gun Energy Gun Particle Gun Ballistic Gun Light Assault Rifle Build | -11 -10 -10 -10 -9 ------- Run | Yrd Mat Min Exi Min Slots Evolved . | . . . . . Power . | . . . . . Propulsion . | . . . . . Utility . | . . . . . Weapon . | . . . . . Parts Attached 17 | 5 5 6 . 1 Power 2 | . 1 . . 1 Engine 2 | . 1 . . 1 Core . | . . . . . Reactor . | . . . . . Propulsion 3 | 2 1 . . . Treads . | . . . . . Leg . | . . . . . Wheel 3 | 2 1 . . . Hover . | . . . . . Flight . | . . . . . Utility 7 | 1 2 4 . . Device 2 | . . 2 . . Storage 2 | 1 1 . . . Processor 1 | . . 1 . . Hackware . | . . . . . Protection 2 | . 1 1 . . Artifact . | . . . . . Weapon 5 | 2 1 2 . . Energy Gun 2 | . . 2 . . Energy Cannon . | . . . . . Ballistic Gun 3 | 2 1 . . . Ballistic Cannon . | . . . . . Launcher . | . . . . . Special Weapon . | . . . . . Impact Weapon . | . . . . . Slashing Weapon . | . . . . . Piercing Weapon . | . . . . . Special Melee Weapon . | . . . . . Unidentified Prototypes . | . . . . . Parts Lost 5 | . 4 . . 1 Power . | . . . . . Propulsion 2 | . 1 . . 1 Utility 1 | . 1 . . . Weapon 2 | . 2 . . . Highest Loss Streak 4 | . 4 . . 1 To Critical Strikes . | . . . . . Average Slot Usage (%) 94 | . 86 84 100 100 Engine 13 | . 12 14 14 14 Wheel 27 | . 27 28 28 28 Device 10 | . . 5 14 14 Storage 14 | . 14 14 14 14 Protection 2 | . 7 6 . . Energy Gun 20 | . . 14 28 28 Ballistic Gun 4 | . 23 . . . Peak Build Rating 11 | 5 7 10 11 11 Average Rating 9 | 4 6 7 10 10 On Entrance 6 | . 5 4 10 11 Naked Turns . | . . . . . Heaviest Build 32 | 8 29 32 30 30 Greatest Support 20 | 20 20 20 20 20 Greatest Overweight (x) 2 | . 1 1 1 2 Average Overweight (x) . | . . 1 1 1 Largest Inventory Capacity 15 | 8 15 15 15 15 Average Capacity 14 | 7 14 15 15 15 Most Carried 15 | 4 8 14 14 15 Average Carried 11 | 1 6 10 13 14 Final Capacity 15 | 8 15 15 15 15 Final Carried 15 | 4 8 13 14 15 Class Distribution -------------------- 100% | Mutant Dominant Class ---------------- Mutant | -10/Materials Mutant | -10/Mines Mutant | -10/Exiles Mutant | -9/Mines Resources | -11 -10 -10 -10 -9 ----------- Run | Yrd Mat Min Exi Min Matter Collected 405 | 197 133 65 . 10 Remotely . | . . . . . Salvage Created 148 | . 139 . . 9 Parts 5 | . 4 . . 1 Haulers Intercepted . | . . . . . Recyclers Shooed . | . . . . . Parts Field Recycled . | . . . . . Retrieved Matter . | . . . . . Parts Self-Destructed . | . . . . . Prevented . | . . . . . Kills | -11 -10 -10 -10 -9 ------- Run | Yrd Mat Min Exi Min Combat Hostiles Destroyed 3 | . 2 . . 1 Guns 3 | . 2 . . 1 Classes Destroyed 3 | . 2 . . 1 Watcher 1 | . 1 . . . Swarmer 1 | . . . . 1 Grunt 2 | . 2 . . . Best Kill Streak 1 | . 1 . . 1 Combat Bots Only 1 | . 1 . . 1 Max Kills in Single Turn 1 | . 1 . . 1 Gunslinging . | . . . . . Exploded . | . . . . . Melee . | . . . . . Uniques/NPCs Destroyed . | . . . . . Combat | -11 -10 -10 -10 -9 -------- Run | Yrd Mat Min Exi Min Hostile Shots Fired 83 | . 71 4 . 8 Missed 17 | . 15 1 . 1 Damage Taken 851 | . 679 49 . 123 Core 259 | . 205 . . 54 Absorbed by Shields . | . . . . . Core Remaining (%) 100 | 100 . . . . Volleys Fired 33 | . 25 2 . 6 Largest 2 | . 2 1 . 2 Hottest 130 | . 40 65 . 130 Shots Fired 47 | . 33 2 . 12 Gun 47 | . 33 2 . 12 Cannon . | . . . . . Launcher . | . . . . . Special . | . . . . . Kinetic 33 | . 33 . . . Thermal 14 | . . 2 . 12 Explosive . | . . . . . Electromagnetic . | . . . . . Robot Hit Streak 9 | . 7 9 . 2 Robot Miss Streak 3 | . 3 . . 2 Penetration Max . | . . . . . Secondary Targets 2 | . 2 . . . Max Gunslinging Chain 1 | . 1 . . . Shots Hit Robots 29 | . 22 2 . 5 Core Hits 11 | . 9 1 . 1 Critical Kills . | . . . . . Critical Parts Destroyed . | . . . . . Critical Strikes . | . . . . . Melee Attacks . | . . . . . Impact . | . . . . . Slashing . | . . . . . Piercing . | . . . . . Sneak Attacks . | . . . . . Combat Hostiles . | . . . . . Follow-up Attacks . | . . . . . Damage Inflicted 331 | . 215 27 . 89 Guns 331 | . 215 27 . 89 Cannons . | . . . . . Explosions . | . . . . . Melee . | . . . . . Ramming . | . . . . . Kinetic 215 | . 215 . . . Thermal 116 | . . 27 . 89 Explosive . | . . . . . Electromagnetic . | . . . . . Impact . | . . . . . Slashing . | . . . . . Piercing . | . . . . . Highest Corruption . | . . . . . Average Corruption . | . . . . . Corruption Purged . | . . . . . Corruption Blocked . | . . . . . Overload Shots . | . . . . . Overflow Damage . | . . . . . Projectiles . | . . . . . Explosions . | . . . . . Melee . | . . . . . Knockbacks . | . . . . . Impact . | . . . . . Kinetic . | . . . . . Secondary . | . . . . . Self-Inflicted Damage . | . . . . . Shots . | . . . . . Rammed . | . . . . . Targets Rammed . | . . . . . Kicked . | . . . . . Crushed . | . . . . . Highest Temperature 207 | . 43 78 . 207 Average Temperature 47 | . 18 42 . 84 Received Heat Transfer 438 | . 411 27 . . Siege Activations . | . . . . . Robots Corrupted . | . . . . . Combat Hostiles . | . . . . . Parts Fried . | . . . . . Impact Corruptions . | . . . . . Robots Melted . | . . . . . Combat Hostiles . | . . . . . Parts Melted . | . . . . . Heat Transferred 296 | . . 74 . 222 Parts Sabotaged . | . . . . . Parts Stolen . | . . . . . Parts Stripped . | . . . . . Power Chain Reactions . | . . . . . Alert | -11 -10 -10 -10 -9 ------- Run | Yrd Mat Min Exi Min Peak Influence 170 | . 170 114 . 21 Initial 62 | . . 62 . . Average 46 | . 47 88 . 13 Maximum Alert Level . | . . . . . Low Security (%) 100 | 100 100 100 . 100 Level 1 . | . . . . . Level 2 . | . . . . . Level 3 . | . . . . . Level 4 . | . . . . . Level 5 . | . . . . . High Security . | . . . . . Max Security . | . . . . . Squads Dispatched 2 | . 2 . . . Investigation 1 | . 1 . . . Extermination . | . . . . . Reinforcement 1 | . 1 . . . Assault . | . . . . . Garrison . | . . . . . Intercept . | . . . . . Searches Triggered . | . . . . . Construction Impeded . | . . . . . Haulers Reinforced . | . . . . . Active Scanning Responses . | . . . . . Cargo Convoy Interrupts . | . . . . . Stealth | -11 -10 -10 -10 -9 --------- Run | Yrd Mat Min Exi Min Distress Signals 1 | . 1 . . . Communications Jammed . | . . . . . Distress Signals . | . . . . . Times Spotted 23 | . 13 3 . 7 Peak Tracking Total 7 | . 7 2 . 5 Tactical Retreats 5 | . 2 1 . 2 Traps | -11 -10 -10 -10 -9 ------- Run | Yrd Mat Min Exi Min Traps Triggered 1 | . 1 . . . Indirectly . | . . . . . Trap Hack Attempts . | . . . . . Triggered . | . . . . . Disarmed . | . . . . . Reprogrammed . | . . . . . Reused . | . . . . . Traps Extracted . | . . . . . Installed 3 | . . . . 3 Triggered . | . . . . . Machines | -11 -10 -10 -10 -9 ---------- Run | Yrd Mat Min Exi Min Machines Disabled . | . . . . . Max in Single Turn . | . . . . . Machines Repaired . | . . . . . Machines Dismantled . | . . . . . Machines Sabotaged . | . . . . . Overloaded Fab Kills . | . . . . . Hacking | -11 -10 -10 -10 -9 --------- Run | Yrd Mat Min Exi Min Machines Accessed 4 | . 2 . 2 . Terminals 1 | . 1 . . . Fabricators . | . . . . . Repair Stations . | . . . . . Recycling Units 1 | . 1 . . . Scanalyzers . | . . . . . Garrison Access . | . . . . . Total Hacks 6 | . 4 . 2 . Successful 5 | . 3 . 2 . Failed 1 | . 1 . . . Catastrophic . | . . . . . Database Lockouts . | . . . . . Manual 6 | . 1 . 5 . Terminals 2 | . 2 . . . Fabricators . | . . . . . Repair Stations . | . . . . . Recycling Units 2 | . 2 . . . Scanalyzers . | . . . . . Garrison Access . | . . . . . Terminal Hacks 4 | . 2 . 2 . Record 1 | . . . 1 . Branch Access Points 1 | . 1 . . . Alert Level 1 | . 1 . . . Derelict Proto ID Bank 1 | . . . 1 . Fabricator Hacks . | . . . . . Repair Station Hacks . | . . . . . Recycling Unit Hacks 1 | . 1 . . . Report Inventory 1 | . 1 . . . Scanalyzer . | . . . . . Garrison Access Hacks . | . . . . . Unauthorized Hacks . | . . . . . Terminals . | . . . . . Fabricators . | . . . . . Repair Stations . | . . . . . Recycling Units . | . . . . . Scanalyzers . | . . . . . Garrison Access . | . . . . . Data Cores Recovered . | . . . . . Used . | . . . . . Hacking Detections 2 | . 2 . . . Full Trace Events . | . . . . . Feedback Events . | . . . . . Feedback Blocked . | . . . . . Robot Schematics Acquired . | . . . . . Robots Built . | . . . . . Authchips . | . . . . . Time . | . . . . . Total Robot Build Rating . | . . . . . Part Schematics Acquired . | . . . . . Parts Built . | . . . . . Authchips . | . . . . . Time . | . . . . . Total Part Build Rating . | . . . . . Parts Repaired . | . . . . . Time . | . . . . . Parts Recycled . | . . . . . Recycled Matter . | . . . . . Retrieved Matter . | . . . . . Retrieved Components . | . . . . . Parts Scanalyzed . | . . . . . Part Schematics Acquired . | . . . . . Parts Damaged . | . . . . . Bothacking | -11 -10 -10 -10 -9 ------------ Run | Yrd Mat Min Exi Min Used RIF Installer . | . . . . . Robots Hacked . | . . . . . Non-combat . | . . . . . Combat . | . . . . . Robot Hacks Applied . | . . . . . Relay Couplers Released . | . . . . . Fabnet Peak Effective % . | . . . . . Robots Rewired . | . . . . . Allies Hacked . | . . . . . Hacks Repelled . | . . . . . Allies | -11 -10 -10 -10 -9 -------- Run | Yrd Mat Min Exi Min Total Allies 3 | . . 3 . . Largest Group 3 | . . 3 2 2 Highest-Rated Group 40 | . . 40 32 32 Highest-Rated Ally 16 | . . 16 16 16 Total Orders . | . . . . . Ally Attacks 39 | . . 13 . 26 Total Damage 289 | . . 95 . 194 Kills 5 | . . 2 . 3 Allies Corrupted . | . . . . . Allies Melted . | . . . . . Intel | -11 -10 -10 -10 -9 ------- Run | Yrd Mat Min Exi Min Robot Analysis Total . | . . . . . Derelict Logs Recovered 3 | . . 2 . 1 Drone Launches . | . . . . . Drone Recoveries . | . . . . . Exploration | -11 -10 -10 -10 -9 ------------- Run | Yrd Mat Min Exi Min Turns Passed 1757 | 52 302 288 803 312 Spaces Moved 1641 | 49 244 254 813 281 Core 2 | 2 . . . . Treads . | . . . . . Legs . | . . . . . Wheels 1639 | 47 244 254 813 281 Hover . | . . . . . Flight . | . . . . . Fastest Speed 50 | 50 80 95 95 95 Average Speed 94 | 78 92 95 95 95 Slowest Speed 110 | 80 95 95 95 110 Overloaded Moves . | . . . . . Propulsion Burnouts . | . . . . . Robots Hopped . | . . . . . Cave-ins Triggered . | . . . . . Exploration Rate (%) 50 | 4 53 45 93 59 Regions Visited 4 Branch Regions 3 Pre-discovered Areas . | . . . . . Known Exits Taken 1 | . 1 . . . Unknown Exits Taken 3 | 1 . 1 1 . Scrap Searched 4 | . . 3 . 1 Spaces Dug . | . . . . . Terrain Destroyed . | . . . . . Melee . | . . . . . Projectile . | . . . . . AOE . | . . . . . Terrain Rammed . | . . . . . Walls Destroyed . | . . . . . Machines Disabled . | . . . . . Actions | -11 -10 -10 -10 -9 --------- Run | Yrd Mat Min Exi Min Total 1810 | 62 293 298 843 314 Wait 85 | . 8 27 30 20 Move 1637 | 48 243 253 812 281 Hop . | . . . . . Pick Up 30 | 9 9 9 1 2 Fast Attach . | . . . . . Attach 13 | 5 4 4 . . Detach 1 | . 1 . . . Swap 4 | . 1 2 . 1 Drop 4 | . 2 1 . 1 Fire 33 | . 25 2 . 6 Melee . | . . . . . Ram . | . . . . . Kick . | . . . . . Crush . | . . . . . Escape Stasis . | . . . . . Rewire . | . . . . . Trap 3 | . . . . 3 Miscellaneous . | . . . . . Route ------- -11/Scrapyard -10/Materials -10/Mines (discovered 2 exits: *Mat / *Exi) -10/Exiles (discovered 2 exits: [*Min x2]) -9/Mines History --------- Turn | Location | Event 25 | -11/Scrapyard | Discovered new exit (range 15) 53 | -11/Scrapyard | Entered Materials 159 | -10/Materials | Discovered new exit (range 12) 180 | -10/Materials | Identified exit to Mines 304 | -10/Materials | Core integrity fell below 50% 306 | -10/Materials | Build established: Mutant 319 | -10/Materials | Core integrity fell below 20% 355 | -10/Materials | Entered Mines 360 | -10/Mines | Assisted by bots powering up and referring to "LRC-V3" 364 | -10/Mines | Lost 4 parts (1n1u2w) 388 | -10/Mines | Learned Materials emergency access door positions 473 | -10/Mines | Learned Materials interactive machine intel 513 | -10/Mines | Found DCF Scrap (13 items) 539 | -10/Mines | Discovered new exit (range 10) 558 | -10/Mines | Identified exit to Materials 631 | -10/Mines | Deemed a non-threat by the Exiles lab entrance 631 | -10/Mines | Discovered new exit (range 5) 643 | -10/Mines | Entered Exiles 643 | -10/Exiles | Accompanied by 2 allies 656 | -10/Exiles | Discovered new exit (range 15) 670 | -10/Exiles | Met 8R-AWN 683 | -10/Exiles | Met EX-HEX 728 | -10/Exiles | Met EX-DEC 777 | -10/Exiles | Visited The Gauntlet 938 | -10/Exiles | Discovered new exit (range 10) 1004 | -10/Exiles | Met EX-BIN 1022 | -10/Exiles | Aligned with FarCom system 1023 | -10/Exiles | Given EX-Vault access code 1323 | -10/Exiles | Opened EX-Vault 1329 | -10/Exiles | Found Trap Reconfigurator 1349 | -10/Exiles | Warned to stay clear of 0b10 Research branches 1446 | -10/Exiles | Left Exiles lab with Trap Reconfigurator 1446 | -10/Exiles | Entered Mines 1446 | -9/Mines | Accompanied by 2 allies 1506 | -9/Mines | Learned 2 Materials zone layouts 1523 | -9/Mines | Assembled infested the area 1528 | -9/Mines | Assisted by a Guerilla fighting off Assembled 1528 | -9/Mines | Found a hidden stash of uninstalled traps 1758 | -9/Mines | Destroyed by as-26708 with Assembled Blade Last Messages --------------- 01553_ S-10 Pest destroyed. 01555_ HV Slug penetrates Wall. 01565_ HV Slug penetrates S-10 Pest. 01565_ S-10 Pest knocked back. 01565_ HV Slug penetrates S-10 Pest. 01567_ S-10 Pest knocked back. 01569_ HV Slug penetrates S-10 Pest. 01569_ S-10 Pest suffers critical hit (Destroy). 01569_ S-10 Pest destroyed. 01569_ HV Slug penetrates Wall. 01573_ U-05 Engineer builds a Wall. 01680_ as-85565 destroyed. 01725_ Dropped Lgt. Ion Engine. 01730_ Acquired 10 matter. 01732_ Acquired Seismic Detector. 01748_ Installed Explosive Trap. 01751_ as-26708 suffers critical hit (Burn). 01752_ Wheel destroyed. 01753_ Installed Explosive Trap. 01756_ Trooper 1b destroyed. Map ----- +----------------------------------------------------+ | ???????????????????????????????????????????? | | ???????????????????????????????????????????? | | ???????????????????????????????????????????? | | ???????????????????????????????????????????? | | ???????????????????????????????????????????? | | ???????????????????????????????????????????? | | ???????????????????????????????????????????? | | ???????????????????????? ??????????????????? | | ???????????????????????? #?????????????????? | | ???????????????????????? #?????????????????? | | ??????????????????????## #?????????????????? | | ?????????????????????## ?????????????????? | | ?????????????????????# ??????????????????? | | ?????????????????????# ????????????? | | ?????????????????????# ! ??????????? | | ?????????????????????#=%#??????????? | | ?????????????????????#%=##?????????????# | | ??????????????????#??#%%!##????????????## | | ??????????????????? ## %= #?????????????## | | ???????????????????? != #??????????????### | | ?????????????????????#%=*#?????????????????? | | ????????????????????##%&&#?????????????????# | | ????????????????????#%^=^##????????????????# | | ???????###????####### =^%=##???????????????# | | ???????# #????# a !* ################# | | ??????## ###### @ # % | | ??????# *u ######### % = | | ??????# * %#???????# =%############ | | ??????##= ### #???????## ##??????????? | | ???????######## #????????#### #???????????? | | ????????????## ##??????????# #???????????? | | ??????????### #??????????# #???????????? | | ?????????## %!#??????????# #???????????? | | ?????????# ##??????????# #???????????? | | ?????????# ##??????????# #???????????? | | ?????????## ##?????????# #???????????? | | ??????????# ####??????# #???????????? | | ?????????## ##?????# #???????????? | | ?????????# ####### #???????????? | | ?????????# #???????????? | | ?????????# %=! #???????????? | | ?????????## *%#"#########???????????? | | ?????????## =%%[###???????????????????? | | ?????????# ##% #???????####??????????? | | ?????????# %###= %##????#### ###????????? | | ?????????# ####%##????## ##???????? | | ?????????## "##%#????## ##???##?? | | ????####### ### ###### ## #### #?? | | ????# #### #?? | | ????# #### ###??### #?? | +----------------------------------------------------+ Best States ------------- Heat Dissipation 25 Energy Generation 10 Energy Capacity 125 Matter Stores 300 Matter Capacity 300 Sight Range 16 Terrain Scan Density 10 Armor Coverage 150 Evasion (%) 44 Item Schematics ----------------- None Robot Schematics ------------------ None Fabricated ------------ Nothing Alien Tech Used ----------------- None Achievements -------------- None Challenges ------------ None Game ------ Seed SuperquantumProcessingBank Manual? 0 Play Time 00:33:47 Cumulative 26.7 hours Start 2024.09.03 @ 22:21:25 End 2024.09.04 @ 18:07:37 Sessions 3 Manual Loads 0 Difficulty Rogue Special Mode None Game No. 19 Rogue 19 Adventurer 0 Explorer 0 Win Type - Total 0 Types 0/0/0/0/0/0/0/0/0 Lore% 5 Gallery% 20 Achievement% 19 Wizard Run 0 Options --------- Layout 1 ASCII 0 Keyboard 0 Movement Mouse Keybinds 0 Fullscreen 1 Font 24/Smallcaps Map View 50x35 Zoom Use 0% Tactical HUD 1 Map Filters NONE Filters NONE Steam 1 RUN: ea01de97-304e-43c0-8ac4-c704b0e9d14a